 Dungeon Crawl Stone Soup version 0.31-a0-339-gda1cbd555d (webtiles) character file.

Game seed: 12499465005208935110

574206 Shayle the Illuminatus (level 25, -2/265 HPs)
             Began as a Gnoll Shapeshifter on July 18, 2023.
             Was an Elder of Ashenzari.
             Slain by an Ice Fiend (11 damage)
             ... created by a Zot trap
             ... on level 2 of the Depths on July 20, 2023.
             The game lasted 06:08:21 (59053 turns).

Shayle the Illuminatus (Gnoll Shapeshifter)        Turns: 59053, Time: 06:08:22

Health: -2/265     AC: 33    Str: 19    XL:     25   Next: 75%
Magic:  7/44       EV: 21    Int: 17    God:    Ashenzari [****..]
Gold:   3531       SH: 17    Dex: 13    Spells: 11/58 levels left

rFire   + . .        T - +9 eveningstar (spect)
rCold   + . .        a - +3 buckler {rC+ rF+}
rNeg    + . .        P - melded +5 robe of Night {Dark Will+ SInv}
rPois   ∞            X - +2 hat "Lashed With Me" {SInv, Comp, Melee} (curse)
rElec   +            K - +2 cloak of the Bound Sky {Bglg, Fort} (curse)
rCorr   .            q - melded +2 pair of gloves of Ashenzari's Black Moon {Self, Dev} (curse)
SInv    +            f - melded +2 pair of boots of Ashenzari's Black Moon {Fly, Self, Dev} (curse)
Will    +....        W - amulet "Gaze Upon Infinity" {Reflect SH+5, Comp, Alch} (curse)
Stlth   +++++++      y - ring "Tethered Mistrust" {AC+4, Elem, Bglg} (curse)
HPRegen 0.64/turn    d - ring of the Ensconced Secrets {Wiz, Melee, Cun} (curse)
MPRegen 0.29/turn

%: reflection, clarity, wizardry (x1)
@: statue-form, corroded, slowed, unable to drink, very slow
A: slow and powerful, torment resistance 1, boosted hp, fangs 1, strong nose,
distributed training, horns 1, strong 1, inability to drink after injury 2
}: 5/15 runes: barnacled, slimy, silver, abyssal, gossamer
a: Begin Untransformation, Renounce Religion, Curse Item, Shatter the Chains


You were on level 2 of the Depths.
You worshipped Ashenzari.
Ashenzari was greatly pleased with you.
You were a living statue of rough stone.
You visited 10 branches of the dungeon, and saw 46 of its levels.
You visited the Abyss 6 times.
You visited 1 bazaar.
You also visited: Wizlab.

You collected 6995 gold pieces.
You spent 3464 gold pieces at shops.

Inventory:

Hand Weapons
 T - a +9 spectral eveningstar (weapon)
Missiles
 w - 2 throwing nets
Armour
 a - a +3 buckler of resistance (worn)
 f - the cursed +2 pair of boots of Ashenzari's Black Moon (melded) {Fly, Self, Dev}
   (You found it on level 3 of the Lair of Beasts)

   It has a curse which improves the following skills: Introspection: Fighting
   and Spellcasting.
   Devices:   Evocations and Shapeshifting.
 q - the cursed +2 pair of gloves of Ashenzari's Black Moon (melded) {Self, Dev}
   (You bought it in a shop in a bazaar)

   It has a curse which improves the following skills: Introspection: Fighting
   and Spellcasting.
   Devices:   Evocations and Shapeshifting.
 K - the cursed +2 cloak of the Bound Sky (worn) {Bglg, Fort}
   (You found it on level 4 of the Spider Nest)

   It has a curse which improves the following skills: Beguiling: Conjurations,
   Hexes and Translocations.
   Fortitude: Armour and Shields.
 P - the +5 robe of Night (melded) {Dark Will+ SInv}
   (You found it on level 9 of the Dungeon)

   Dark:      It shrouds the wearer in darkness, reducing the range at which
   they can see and be seen by others.
   SInv:      It lets you see invisible.
   Will:      It increases your willpower.
 X - the cursed +2 hat "Lashed With Me" (worn) {SInv, Comp, Melee}
   (You took it off Gastronok on level 1 of the Lair of Beasts)

   It has a curse which improves the following skills: Companions: Summonings
   and Necromancy.
   Melee Combat: Short Blades, Long Blades, Axes, Maces & Flails, Polearms,
   Staves and Unarmed Combat.
Jewellery
 d - the cursed ring of the Ensconced Secrets (right fist) {Wiz, Melee, Cun}
   (You found it on level 3 of the Lair of Beasts)

   [ring of wizardry]

   It improves your spell success rate.
   It has a curse which improves the following skills: Melee Combat: Short
   Blades, Long Blades, Axes, Maces & Flails, Polearms, Staves and Unarmed
   Combat.
   Cunning:   Dodging and Stealth.
 m - the ring "Ehaomp" {rPois rF+ rC- rN+ Str+7}
   (You found it on level 5 of the Pits of Slime)

   [ring of positive energy]

   Str:       It affects your strength (+7).
   rF:        It protects you from fire.
   rC:        It makes you vulnerable to cold.
   rPois:     It protects you from poison.
   rN:        It protects you from negative energy.
 r - the ring "Joneynas" {rElec AC+4 Int+3 SInv}
   (You found it on level 5 of the Pits of Slime)

   [ring of protection]

   AC:        It affects your AC (+4).
   Int:       It affects your intelligence (+3).
   rElec:     It insulates you from electricity.
   SInv:      It lets you see invisible.
 y - the cursed ring "Tethered Mistrust" (left fist) {AC+4, Elem, Bglg}
   (You found it on level 6 of the Dungeon)

   [ring of protection]

   AC:        It affects your AC (+4).
   It has a curse which improves the following skills: Elements: Fire Magic, Ice
   Magic, Air Magic and Earth Magic.
   Beguiling: Conjurations, Hexes and Translocations.
 z - an amulet of regeneration
 W - the cursed amulet "Gaze Upon Infinity" (around neck) {Reflect SH+5, Comp, Alch}
   (You found it on level 1 of the Lair of Beasts)

   [amulet of reflection]

   It reflects blocked missile attacks.
   SH:        It affects your SH (+5).
   It has a curse which improves the following skills: Companions: Summonings
   and Necromancy.
   Alchemy:   Poison Magic and Transmutations.
Talismans
 k - a granite talisman
 E - a storm talisman
Wands
 B - a wand of iceblast (38)
 G - a wand of light (10)
 N - a wand of mindburst (43)
 S - a wand of digging (9)
 V - a wand of flame (99)
 Z - a wand of charming (57)
Scrolls
 c - 2 scrolls of teleportation
 g - 5 scrolls of fear
 j - 3 scrolls of silence
 n - 2 scrolls of enchant weapon
 p - 8 scrolls of immolation
 s - 9 scrolls of revelation
 v - 5 scrolls of torment
 F - 9 scrolls of vulnerability
 I - 5 scrolls of poison
 U - 9 scrolls of fog
Potions
 b - 2 potions of cancellation
 e - 6 potions of might
 h - 9 potions of haste
 i - 4 potions of ambrosia
 l - 5 potions of resistance
 o - 10 potions of berserk rage
 u - 4 potions of lignification
 x - 2 potions of invisibility
 A - 12 potions of curing
 C - 6 potions of magic
 O - 5 potions of brilliance
Miscellaneous
 t - a condenser vane
 M - a phial of floods
 Y - a phantom mirror


   Skills:
 + Level 18.0 Fighting
 + Level 17.4(20.0) Short Blades
 + Level 17.4(20.0) Long Blades
 + Level 17.4(20.0) Axes
 + Level 17.4(20.0) Maces & Flails
 + Level 17.4(20.0) Polearms
 + Level 17.4(20.0) Staves
 + Level 17.4 Ranged Weapons
 + Level 17.4 Throwing
 + Level 17.4(19.1) Armour
 + Level 18.0(19.6) Dodging
 + Level 17.4(19.1) Stealth
 + Level 17.4(19.1) Shields
 + Level 18.0(20.5) Unarmed Combat
 + Level 17.4 Spellcasting
 + Level 14.9(17.5) Conjurations
 + Level 14.9(17.5) Hexes
 + Level 14.9(17.5) Summonings
 + Level 14.9(17.5) Necromancy
 + Level 14.9(17.5) Translocations
 + Level 14.9(16.6) Transmutations
 + Level 14.9(16.6) Fire Magic
 + Level 14.9(16.6) Ice Magic
 + Level 14.9(16.6) Air Magic
 + Level 14.9(16.6) Earth Magic
 + Level 14.9(16.6) Poison Magic
 + Level 18.9 Invocations
 + Level 17.4 Evocations
 + Level 16.1 Shapeshifting


You had 11 spell levels left.
You knew the following spells:

 Your Spells              Type           Power      Damage    Failure   Level
a - Manifold Assault      Tloc           65%        N/A       1%          4
b - Borgnjor's Vile Clut  Necr/Erth      32%        N/A       1%          5
c - Mephitic Cloud        Conj/Pois/Air  64%        N/A       0%          3
d - Freezing Cloud        Conj/Ice/Air   32%        6-21      1%          5
e - Eringya's Noxious Bo  Tmut/Pois      31%        4d6       1%          6
f - Ignite Poison         Fire/Tmut/Pois 63%        N/A       0%          3
g - Death Channel         Necr           32%        N/A       1%          6
h - Ignition              Fire           31%        3d10      12%         8
i - Haunt                 Necr/Summ      32%        N/A       1%          7

Your spell library contained the following spells:

 Spells                   Type           Power      Damage    Failure   Level
 Apportation              Tloc           100%       N/A       0%          1
 Foxfire                  Conj/Fire      100%       2x1d9     0%          1
 Freeze                   Ice            100%       1d10      0%          1
 Kiss of Death            Conj/Necr      100%       2d13      0%          1
 Magic Dart               Conj           100%       1d8       0%          1
 Necrotise                Necr           100%       1d9       0%          1
 Sandblast                Erth           100%       2d20      0%          1
 Shock                    Conj/Air       100%       1d9       0%          1
 Sting                    Tmut/Pois      100%       1d8       0%          1
 Summon Small Mammal      Summ           100%       N/A       0%          1
 Blink                    Tloc           100%       N/A       0%          2
 Call Imp                 Summ           100%       N/A       0%          2
 Cigotuvi's Dreadful Rot  Necr/Pois/Air  100%       N/A       0%          2
 Ensorcelled Hibernation  Hex/Ice        100%       N/A       0%          2
 Lesser Beckoning         Tloc           100%       N/A       0%          2
 Momentum Strike          Conj/Tloc      100%       3d10      0%          2
 Passwall                 Tmut/Erth      52%        N/A       0%          2
 Poisonous Vapours        Pois/Air       100%       N/A       0%          2
 Searing Ray              Conj           100%       2d8       0%          2
 Static Discharge         Conj/Air       100%       2-7/arc   0%          2
 Call Canine Familiar     Summ           65%        N/A       0%          3
 Confusing Touch          Hex            65%        N/A       0%          3
 Dazzling Flash           Conj/Hex       100%       N/A       0%          3
 Frozen Ramparts          Ice            100%       1d16      0%          3
 Gell's Gravitas          Tloc           65%        N/A       0%          3
 Hailstorm                Conj/Ice       64%        3d14      0%          3
 Inner Flame              Hex/Fire       64%        N/A       0%          3
 Stone Arrow              Conj/Erth      100%       3d13      0%          3
 Summon Guardian Golem    Hex/Summ       65%        N/A       0%          3
 Swiftness                Air            63%        N/A       0%          3
 Teleport Other           Tloc           65%        N/A       0%          3
 Tukima's Dance           Hex            65%        N/A       0%          3
 Vampiric Draining        Necr           65%        2d10      0%          3
 Vhi's Electric Charge    Tloc/Air       100%       N/A       0%          3
 Volatile Blastmotes      Fire/Tloc      100%       2d18      0%          3
 Airstrike                Air            31%        2d(5-21)  1%          4
 Animate Armour           Summ/Erth      100%       N/A       1%          4
 Animate Dead             Necr           65%        N/A       1%          4
 Cause Fear               Hex            32%        N/A       1%          4
 Dispel Undead            Necr           65%        3d22      1%          4
 Flame Wave               Conj/Fire      64%        2d15      1%          4
 Fulminant Prism          Conj/Hex       32%        3d15      1%          4
 Olgreb's Toxic Radiance  Pois           63%        N/A       1%          4
 Passage of Golubria      Tloc           65%        N/A       1%          4
 Petrify                  Tmut/Erth      63%        N/A       1%          4
 Sticky Flame             Conj/Fire      64%        2d8       1%          4
 Summon Ice Beast         Ice/Summ       64%        N/A       1%          4
 Summon Lightning Spire   Summ/Air       64%        N/A       1%          4
 Agony                    Necr           65%        N/A       1%          5
 Alistair's Intoxication  Tmut/Pois      42%        N/A       1%          5
 Arcjolt                  Conj/Air       32%        1d42      1%          5
 Fireball                 Conj/Fire      32%        3d14      1%          5
 Irradiate                Conj/Tmut      32%        3d22      1%          5
 Iskenderun's Battlesphe  Conj           65%        2d11      1%          5
 Lee's Rapid Deconstruct  Erth           31%        3d16*     1%          5
 Metabolic Englaciation   Hex/Ice        32%        N/A       1%          5
 Summon Forest            Summ/Tloc      32%        N/A       1%          5
 Summon Mana Viper        Hex/Summ       65%        N/A       1%          5
 Yara's Violent Unravell  Hex/Tmut       32%        3d13      1%          5
 Conjure Ball Lightning   Conj/Air       32%        3x3d10    1%          6
 Dispersal                Tloc           32%        N/A       1%          6
 Leda's Unmaking          Conj/Erth      32%        9d6       1%          6
 Plasma Beam              Fire/Air       31%        2x1d44    1%          6
 Simulacrum               Ice/Necr       32%        N/A       1%          6
 Starburst                Conj/Fire      32%        6d10      1%          6
 Summon Cactus Giant      Summ           32%        N/A       1%          6
 Monstrous Menagerie      Summ           32%        N/A       1%          7
 Orb of Destruction       Conj           32%        9d10      1%          7
 Ozocubu's Refrigeration  Ice            31%        4d14      1%          7
 Spellforged Servitor     Conj/Summ      32%        N/A       1%          7
 Borgnjor's Revivificati  Necr           32%        N/A       9%          8
 Discord                  Hex            32%        N/A       9%          8
 Disjunction              Tloc           32%        N/A       9%          8
 Lehudib's Crystal Spear  Conj/Erth      32%        10d8      11%         8
 Maxwell's Capacitive Co  Air            31%        ∞         12%         8
 Death's Door             Necr           32%        N/A       75%         9
 Dragon's Call            Summ           32%        N/A       75%         9
 Polar Vortex             Ice            31%        12d4*     86%         9
 Sublimation of Blood     Necr           Unusable   N/A       N/A         2

Dungeon Overview and Level Annotations

Branches:
Dungeon (15/15)            Temple (1/1) D:7            Lair (5/5) D:11
 Shoals (4/4) Lair:2       Spider (4/4) Lair:2        Slime (5/5) Lair:4
    Orc (2/2) D:10            Elf (3/3) Orc:2        Vaults (5/5) D:14
  Crypt (0/3) Vaults:2     Depths (2/4) D:15         WizLab (visited)

Altars:
Ashenzari
Cheibriados
Dithmenos
Elyvilon
Fedhas
Gozag
Hepliaklqana
Kikubaaqudgha
Makhleb
Nemelex Xobeh
Okawaru
Qazlal
Ru
Sif Muna
Trog
Uskayaw
Vehumet
Wu Jian
Xom
Yredelemnul
Zin
The Shining One
Jiyva
Lugonu

Shops:
D:4 [*=   D:9 *   D:14 *   Orc:1 [   Orc:2 *(==   Elf:2 ==:   Shoals:1 :
Vaults:1 *   Vaults:2 (   Depths:1 !*

Portals:
Hell: Depths:1 Depths:2
Pandemonium: Depths:1
Trove: D:15 (give 8 scrolls of fear)

Annotations:
D:3 1 runed translucent door, Crazy Yiuf
D:9 Erolcha
Lair:2 1 runed translucent door
Shoals:2 6 transporters
Shoals:4 1 runed translucent door
Vaults:1 2 runed translucent doors, Ziugimmo's ghost, veteran AtMo
Vaults:2 3 runed translucent doors, Woitib's ghost, adept GrFE
Depths:2 1 transporter


Innate Abilities, Weirdness & Mutations

You are a living statue of rough stone.
Your actions are slow, but your melee attacks are powerful.
You are resistant to unholy torment.
Your maximum health is greatly increased.
Your equipment is partially melded.
You are immune to poison.
You have very sharp teeth.
Your uncanny sense of smell can sniff out nearby items.
Your experience applies equally to all skills.
You have a pair of small horns on your head.
Your muscles are strong. (Str +4, Int/Dex -1)
You sometimes lose the ability to drink potions when taking damage.


Message History

The lich is heavily damaged.
The lich is blinded.
You feel your willpower return.
The lich touches you but does no damage.
The Ice Fiend claws you but does no damage.
The Ice Fiend misses you.
The lich points at you and mumbles some strange words.
The bolt of cold misses you. You block the Ice Fiend's attack. x2
Okay, then.
Casting: Ignition (dangerous; 12% risk of failure)
Confirm with . or Enter, or press ? or * to list all spells.
Okay, then.
Casting: Ignition (dangerous; 12% risk of failure)
Confirm with . or Enter, or press ? or * to list all spells.
You don't have enough magic to cast this spell.
Unknown command.
Aiming: Bolt of Light
Press: ? - help, Shift-Dir - straight line, f/p - lich
Aim: a lich (heavily damaged, fast, slightly transparent, blind, 78% to hit)
The bolt of light hits the lich!!!
The lich is almost destroyed.
You block the Ice Fiend's attack.
The Ice Fiend claws you but does no damage.
The floating eye's stare focuses on you.
The lich touches you but does no damage.
You block the Ice Fiend's attack. The Ice Fiend misses you.
The floating eye gazes piercingly through you!
You shrug off the repeated paralysis!
You block the lich's attack.
You impale the lich!!
You destroy the lich!
You block the Ice Fiend's attack. The Ice Fiend closely misses you.
The floating eye's view fixates on you. The Ice Fiend claws you!
* * * LOW HITPOINT WARNING * * *
The Ice Fiend freezes you! You resist.
* * * LOW HITPOINT WARNING * * *
The Ice Fiend claws you.
* * * LOW HITPOINT WARNING * * *
The Ice Fiend freezes you! You resist.
You die...

##### ^##.# **#.###'####.#
** ..^.#* #.#......#.##
#### ##.#.^####
#'#......#... #$^"#
{...#^..^.# #........[[..
#^$.#,
...#^^.#..^###........###.
#?^:+
^C.^^#^#..^###........# #.
#©$^#
..G#.^^.^.©###©.......# #.
#?^|+
.C..^#.#G.^###........###'
#^[^# ,
#...#.8.###'####'##....
#=^[# ^ , ^ #^.^^1#
#.....(.#...< **###* *
,#..#### #.......'.... * ,
...## #............ ## **
##^#* #.......#.... .#
*##* #.......#.... .#
#.......#.... .# ### ###
##....####### .#######'##
#.# ######..''#######


You could see an Ice Fiend and a floating eye (charged).

Vanquished Creatures
  the Royal Jelly (Slime:5)
  2 dread liches
  2 ancient liches (Vaults:5)
  Sojobo (Vaults:2)
  Saint Roka (Vaults:5)
  Xtahua (Vaults:5)
  A caustic shrike (Depths:2)
  A profane servitor (Abyss:2)
  A shard shrike zombie (Abyss:3)
  Rupert (D:12)
  5 liches
  3 tentacled monstrosities
  8 titans
  28 acid blobs
  3 deep elf master archers (Elf:3)
  A quicksilver dragon (Depths:2)
  4 deep elf blademasters (Elf:3)
  14 tentacled starspawn
  An Executioner (Abyss:3)
  7 sphinxes
  2 storm dragons
  Polyphemus (Shoals:4)
  Gastronok (Lair:1)
  7 tengu reavers
  5 shadow dragons
  Donald (Elf:3)
  3 nagarajas (WizLab)
  6 fire giants
  A revenant (Abyss:3)
  20 azure jellies
  6 frost giants
  15 vault wardens
  4 emperor scorpions
  18 rockslimes
  3 ghost moths
  A balrug (Abyss:2)
  9 deep elf sorcerers
  6 deep elf elementalists (Elf:3)
  2 orc warlords
  3 demonspawn corrupters (WizLab)
  7 broodmothers
  19 ironbound preservers
  A cacodemon (Abyss:3)
  19 quicksilver oozes
  13 formless jellyfish
  7 very ugly things
  A vampire knight (Depths:2)
  11 ironbound thunderhulks
  9 stone giants
  2 war gargoyles
  9 deep elf demonologists
  A white draconian (Abyss:2)
  9 deep elf annihilators
  A purple draconian (Abyss:3)
  61 starcursed masses
  Azrael (D:15)
  3 spark wasps
  6 dire elephants
  10 deep elf death magi
  2 jiangshi (Depths:2)
  6 ettins
  2 green deaths (Abyss:3)
  4 merfolk javelineers
  5 entropy weavers
  13 yaktaur captains
  9 great orbs of eyes
  Fannar (Orc:1)
  A fire dragon (Depths:2)
  An ice dragon (shapeshifter) (Vaults:4)
  A spriggan zombie (Abyss:2)
  4 merfolk impalers
  8 deep elf high priests
  28 vault guards
  5 rakshasas
  2 ice dragons (Depths:2)
  7 hydras
  4 radroaches
  9 boulder beetles
  5 catoblepae
  An ogre mage (Vaults:5)
  A spriggan air mage (Depths:2)
  6 centaur warriors
  6 merfolk avatars
  29 dancing weapons
  Erica (Lair:2)
  3 merfolk aquamancers
  2 alligator snapping turtles
  7 ironbound frosthearts
  2 two-headed ogres
  4 satyrs
  7 death yaks
  6 tengu warriors
  4 deep troll earth magi (Depths:2)
  11 demonic crawlers
  7 deep troll shamans
  4 hell hogs
  2 naga warriors (Abyss:1)
  2 orc high priests
  4 vampire magi
  A soul eater (Abyss:3)
  Urug (D:10)
  24 thrashing horrors
  4 spriggan berserkers
  14 deep elf knights
  An iron troll (Depths:2)
  9 skysharks
  A fire crab (shapeshifter) (Elf:3)
  12 wretched stars
  4 sixfirhies
  14 hell knights (Depths:1)
  2 spatial maelstroms
  9 pharaoh ants
  A shadow wraith (Abyss:3)
  2 sun moths
  42 deep trolls
  15 sea snakes
  7 deep elf archers
  3 spriggan druids (WizLab)
  A glowing orange brain (shapeshifter) (Elf:2)
  2 flayed ghosts
  9 glowing orange brains
  13 orb spiders
  A swamp dragon (WizLab)
  6 orc knights
  13 ironbound convokers
  5 phantasmal warriors
  8 wizards
  2 oklob plants (D:11)
  11 harpies
  8 lindwurms
  6 necromancers
  10 cyclopes
  A cyclops (shapeshifter) (Vaults:5)
  18 deep elf zephyrmancers
  A wolf spider (shapeshifter) (Vaults:5)
  9 steelbarb worms
  27 wolf spiders
  3 iron dragon zombies
  3 shining eyes
  27 deep elf pyromancers
  2 orc sorcerers (Orc:2)
  8 manticores
  25 ugly things
  24 fauns
  7 merfolk sirens
  23 vault sentinels
  8 worldbinders
  Maurice (D:13)
  A guardian serpent (Abyss:1)
  5 black mambas
  7 elephants
  7 moths of wrath
  2 rust devils
  5 smoke demons
  A molten gargoyle (D:12)
  6 torpor snails
  An orange demon (Depths:2)
  6 apocalypse crabs
  6 cane toads
  2 eyes of devastation
  3 water nymphs
  3 gargoyles
  3 unseen horror zombies (D:9)
  A rime drake (Lair:2)
  13 komodo dragons
  30 yaktaurs
  A kobold demonologist (D:13)
  2 tormentors
  A rime drake (shapeshifter) (Vaults:5)
  4 efreet
  3 freezing wraiths
  6 tengu conjurers
  13 ancient zymes
  A guardian mummy (D:15)
  A queen bee (shapeshifter) (Vaults:5)
  5 meliai (Spider:4)
  24 merfolk
  A harpy zombie (Abyss:2)
  9 wind drakes
  2 meliai (shapeshifter)
  2 polar bears (Lair:4)
  A polar bear (shapeshifter) (D:14)
  31 tarantellas
  7 saltlings (Orc:2)
  2 tarantellas (shapeshifter)
  12 trolls
  A hornet (D:9)
  21 dream sheep
  20 raiju (Abyss:3)
  12 blink frogs
  A culicivora (shapeshifter) (D:13)
  Sigmund (D:5)
  5 snapping turtles
  26 culicivoras
  12 water elementals
  29 jumping spiders
  An air elemental (Elf:2)
  55 yaks
  78 slime creatures
  4 wyverns
  4 flying skulls
  A fire bat (Abyss:2)
  3 vampires
  A yak (shapeshifter) (Elf:2)
  8 spriggans (Lair:1)
  4 shadows
  7 ynoxinuls
  6 wraiths
  3 basilisks
  4 golden eyes (Slime:1)
  5 fire elementals
  Grum (Lair:1)
  A steam dragon (Lair:1)
  52 redbacks
  7 neqoxecs
  A redback (shapeshifter) (Vaults:5)
  4 vampire mosquitoes
  7 chaos spawn
  5 wargs
  5 spatial vortices
  2 acid dragons
  6 nagas
  13 water moccasins
  7 hell hounds
  25 small abominations
  A floating eye (Slime:1)
  A floating eye (shapeshifter) (Abyss:3)
  25 large abominations
  26 orc warriors
  A sky beast (D:8)
  10 black bears
  A sky beast (shapeshifter) (D:13)
  9 ogres
  23 wolves
  12 centaurs
  A phantom (D:5)
  3 kobold brigands
  A gnoll sergeant (D:11)
  16 bullfrogs
  3 scorpions
  2 earth elementals (Elf:2)
  A naga simulacrum (Abyss:1)
  A wyvern zombie (D:9)
  9 wights
  3 killer bees (D:9)
  4 howler monkeys
  2 electric eels (D:10)
  3 centaur zombies (D:9)
  3 quasits
  4 hounds
  20 orc priests
  An iron imp (Abyss:3)
  2 gnoll boudas (D:8)
  A sleepcap (D:6)
  8 iguanas
  29 orc wizards
  4 hell rats (Lair:1)
  A killer bee zombie (D:9)
  A howler monkey zombie (D:9)
  17 gnolls
  6 adders
  5 white imps
  4 ufetubi
  3 worms
  5 dart slugs
  93 orcs
  6 ball pythons
  5 bats
  6 endoplasms
  2 giant cockroaches (D:1)
  12 hobgoblins
  4 jackals
  A quokka (D:1)
  A frilled lizard (D:2)
  3 goblins
  22 kobolds
  9 rats
  A lurking horror (Abyss:3)
  A spectral weapon (Vaults:3)
  5 starspawn tentacles
2185 creatures vanquished.

Vanquished Creatures (collateral kills)
  An azure jelly (Slime:5)
  A fire giant (Vaults:5)
  2 rockslimes (Slime:5)
  2 deep elf high priests (Elf:3)
  A vault guard (Vaults:5)
  A naga warrior (Abyss:3)
  4 shining eyes
  A guardian serpent (Abyss:3)
  An ancient zyme (Abyss:3)
  A ynoxinul (Abyss:2)
  An orc (Vaults:5)
16 creatures vanquished.

Vanquished Creatures (others)
  A yaktaur captain (Vaults:2)
  A thrashing horror (Abyss:3)
  2 large abominations (Abyss:3)
  A deep elf knight (Elf:1)
  2 wizards (WizLab)
  A deep elf zephyrmancer (Elf:2)
  A wolf spider (Spider:4)
  A cyclops (D:15)
  A faun (Shoals:1)
  An eye of devastation (Abyss:3)
  A merfolk (Shoals:3)
  3 golden eyes (Abyss:3)
  4 small abominations
  3 lurking horrors (Abyss:3)
  48 spectral weapons
  32 starspawn tentacles
103 creatures vanquished.

Grand Total: 2304 creatures vanquished

Notes
Turn   | Place    | Note
-------+----------+-------------------------------------------
     0 | D:1      | Shayle the Gnoll Shapeshifter began the quest for the Orb.
     0 | D:1      | Reached XP level 1. HP: 20/20 MP: 1/1
   167 | D:1      | Reached XP level 2. HP: 19/26 MP: 2/2
   506 | D:1      | Reached XP level 3. HP: 29/31 MP: 3/3
   909 | D:1      | Reached skill level 1 in Invocations
   991 | D:2      | Identified the +4 falchion of Honour {flame, Contam rPois
                  | rF++ Stlth+}
   998 | D:2      | Reached skill level 1 in Short Blades
   998 | D:2      | Reached skill level 1 in Long Blades
   998 | D:2      | Reached skill level 1 in Axes
   998 | D:2      | Reached skill level 1 in Maces & Flails
   998 | D:2      | Reached skill level 1 in Polearms
   998 | D:2      | Reached skill level 1 in Staves
   998 | D:2      | Reached skill level 1 in Ranged Weapons
   998 | D:2      | Reached skill level 1 in Throwing
   998 | D:2      | Reached skill level 1 in Armour
   998 | D:2      | Reached skill level 1 in Stealth
   998 | D:2      | Reached skill level 1 in Shields
   998 | D:2      | Reached skill level 1 in Spellcasting
   998 | D:2      | Reached skill level 1 in Evocations
  1083 | D:2      | Reached XP level 4. HP: 31/38 MP: 5/5
  1515 | D:3      | Reached skill level 1 in Conjurations
  1515 | D:3      | Reached skill level 1 in Hexes
  1515 | D:3      | Reached skill level 1 in Summonings
  1515 | D:3      | Reached skill level 1 in Necromancy
  1515 | D:3      | Reached skill level 1 in Translocations
  1515 | D:3      | Reached skill level 1 in Transmutations
  1515 | D:3      | Reached skill level 1 in Fire Magic
  1515 | D:3      | Reached skill level 1 in Ice Magic
  1515 | D:3      | Reached skill level 1 in Air Magic
  1515 | D:3      | Reached skill level 1 in Earth Magic
  1515 | D:3      | Reached skill level 1 in Poison Magic
  2124 | D:3      | Reached XP level 5. HP: 43/43 MP: 5/7
  2180 | D:3      | HP: 2/43 [orc/+0 hand axe (2)]
  2272 | D:3      | Reached XP level 6. HP: 38/50 MP: 8/8
  2380 | D:3      | Found a runed translucent door.
  2381 | D:3      | Noticed Crazy Yiuf
  2406 | D:4      | Noticed a black bear
  2445 | D:4      | Found Tatzeliwn's Jewellery Shop.
  2487 | D:4      | Found Ukholl's General Store.
  2495 | D:4      | Bought a scroll of fear for 40 gold pieces
  2495 | D:4      | Bought a scroll of teleportation for 30 gold pieces
  2495 | D:4      | Bought a scroll of fear for 40 gold pieces
  2561 | D:4      | Found Vill's Armour Emporium.
  2594 | D:4      | Reached skill level 5 in Fighting
  2594 | D:4      | Reached skill level 5 in Dodging
  2594 | D:4      | Reached skill level 5 in Unarmed Combat
  2977 | D:4      | Found a burning altar of Makhleb.
  2977 | D:4      | Noticed a blizzard demon
  3277 | D:4      | Reached XP level 7. HP: 51/56 MP: 10/10
  3418 | D:5      | Entered Level 5 of the Dungeon
  3850 | D:5      | Found a sacrificial altar of Ru.
  3895 | D:5      | Noticed Sigmund
  3905 | D:5      | Killed Sigmund
  3906 | D:5      | Reached XP level 8. HP: 32/63 MP: 12/12
  4041 | D:5      | Found an ornate altar of the Wu Jian Council.
  4296 | D:5      | Found a stormy altar of Qazlal.
  4921 | D:6      | Identified the +6 sling of the Gnashing Gods {drain, Dex+5}
  4989 | D:6      | Reached XP level 9. HP: 69/69 MP: 14/14
  5051 | D:6      | Identified the +1 robe "Urithouj" {MP+9 Int+3 Dex+5}
  5231 | D:7      | Noticed a moth of wrath
  5234 | D:7      | Found a bloodstained altar of Trog.
  5897 | D:7      | Found a staircase to the Ecumenical Temple.
  5920 | Temple   | Entered the Ecumenical Temple
  6106 | D:7      | Found a radiant altar of Vehumet.
  6489 | D:8      | Upgraded the game from 0.31-a0-325-g067879e3d3 to
                  | 0.31-a0-331-geda263fcf1
  6637 | D:8      | Found a broken altar of Ashenzari.
  6645 | D:8      | Became a worshipper of Ashenzari the Shackled
  6894 | D:8      | Reached skill level 5 in Invocations
  7063 | D:8      | Found a hazy altar of Hepliaklqana.
  7132 | D:8      | Found a blossoming altar of Fedhas.
  7560 | D:8      | Gained mutation: Your natural rate of healing is unusually
                  | fast. [potion of mutation]
  7560 | D:8      | Gained mutation: You are partially covered in iridescent
                  | scales. (AC +2) [potion of mutation]
  7560 | D:8      | Gained mutation: You are mostly covered in iridescent
                  | scales. (AC +4) [potion of mutation]
  7560 | D:8      | Gained mutation: You are completely covered in iridescent
                  | scales. (AC +6) [potion of mutation]
  7679 | D:9      | Found Zin's Purification Station.
  7684 | D:9      | Found a glowing silver altar of Zin.
  7717 | D:9      | Reached XP level 10. HP: 64/77 MP: 17/17
  7809 | D:9      | Noticed Erolcha
  7906 | D:9      | Reached skill level 5 in Short Blades
  7906 | D:9      | Reached skill level 5 in Long Blades
  7906 | D:9      | Reached skill level 5 in Axes
  7906 | D:9      | Reached skill level 5 in Maces & Flails
  7906 | D:9      | Reached skill level 5 in Polearms
  7906 | D:9      | Reached skill level 5 in Staves
  7906 | D:9      | Reached skill level 5 in Ranged Weapons
  7906 | D:9      | Reached skill level 5 in Throwing
  7906 | D:9      | Reached skill level 5 in Armour
  7906 | D:9      | Reached skill level 5 in Stealth
  7906 | D:9      | Reached skill level 5 in Shields
  7906 | D:9      | Reached skill level 5 in Spellcasting
  7906 | D:9      | Reached skill level 5 in Evocations
  7918 | D:9      | Found a hide-covered altar of Uskayaw.
  8115 | D:9      | Found a basalt altar of Yredelemnul.
  8447 | D:9      | Found the +5 robe of Night {Dark Will+ SInv}
  8730 | D:10     | Entered Level 10 of the Dungeon
  8887 | D:10     | Reached XP level 11. HP: 78/84 MP: 19/19
  8940 | D:10     | Reached skill level 5 in Conjurations
  8940 | D:10     | Reached skill level 5 in Hexes
  8940 | D:10     | Reached skill level 5 in Summonings
  8940 | D:10     | Reached skill level 5 in Necromancy
  8940 | D:10     | Reached skill level 5 in Translocations
  8940 | D:10     | Reached skill level 5 in Transmutations
  8940 | D:10     | Reached skill level 5 in Fire Magic
  8940 | D:10     | Reached skill level 5 in Ice Magic
  8940 | D:10     | Reached skill level 5 in Air Magic
  8940 | D:10     | Reached skill level 5 in Earth Magic
  8940 | D:10     | Reached skill level 5 in Poison Magic
  9024 | D:10     | Found a staircase to the Orcish Mines.
  9433 | D:10     | Noticed Urug
  9445 | D:10     | Killed Urug
  9724 | D:11     | Reached * piety under Ashenzari
  9827 | D:11     | You fall into a shaft and drop 3 floors!
  9832 | D:14     | Noticed a cyclops
  9838 | D:14     | Killed a cyclops
  9869 | D:14     | Noticed a cyclops
  9874 | D:14     | Killed a cyclops
  9890 | D:14     | Found Caegramp's Blood Bar.
 10123 | D:13     | Noticed a two-headed ogre
 10130 | D:13     | Killed a two-headed ogre
 10444 | D:11     | Noticed an oklob plant
 10448 | D:11     | Found a staircase to the Lair.
 10451 | D:11     | Noticed an oklob plant
 10458 | D:11     | Killed an oklob plant
 10459 | D:11     | Reached XP level 12. HP: 90/94 MP: 22/22
 10835 | Lair:1   | Entered Level 1 of the Lair of Beasts
 10857 | Lair:1   | Reached ** piety under Ashenzari
 11317 | Lair:1   | Noticed Grum
 11347 | Lair:1   | Identified the cursed +1 buckler of the Cursed Seeker
                  | {Alch, Elem} (You found it on level 2 of the Dungeon)
 11347 | Lair:1   | Identified the cursed ring "Tethered Mistrust" {AC+4, Elem,
                  | Bglg} (You found it on level 6 of the Dungeon)
 11347 | Lair:1   | Identified the cursed amulet of the Fated Paranoia {Regen+,
                  | Dev, Range} (You found it on level 2 of the Dungeon)
 11355 | Lair:1   | Killed Grum
 11631 | Lair:1   | Noticed Gastronok
 11651 | Lair:1   | Killed Gastronok
 11751 | Lair:1   | Noticed a catoblepas
 11760 | Lair:1   | Killed a catoblepas
 11942 | Lair:2   | Noticed Erica
 11953 | Lair:2   | Killed Erica
 11954 | Lair:2   | Noticed a seven-headed hydra
 11969 | Lair:2   | Killed a six-headed hydra
 11976 | Lair:2   | Reached XP level 13. HP: 53/101 MP: 23/25
 12049 | Lair:2   | Found a hole to the Spider Nest.
 12059 | Lair:2   | Found a staircase to the Shoals.
 12478 | Lair:2   | Found a runed translucent door.
 14144 | Lair:3   | Reached skill level 10 in Fighting
 14144 | Lair:3   | Reached skill level 10 in Dodging
 14144 | Lair:3   | Reached skill level 10 in Unarmed Combat
 14469 | Lair:4   | Reached skill level 10 in Shapeshifting
 14519 | Lair:4   | Found a viscous altar of Jiyva.
 14519 | Lair:4   | Found a staircase to the Slime Pits.
 14642 | Lair:4   | Reached XP level 14. HP: 110/110 MP: 25/27
 15452 | Lair:4   | Reached *** piety under Ashenzari
 15458 | Lair:4   | Learned a level 4 spell: Manifold Assault
 15517 | Lair:5   | Entered Level 5 of the Lair of Beasts
 15524 | Lair:5   | Reached skill level 10 in Invocations
 16555 | Lair:5   | Identified the staff "Ziejub" {Int+2 Dex+3 Earth}
 17589 | D:12     | Noticed Rupert
 17606 | D:12     | Identified the +1 ring mail of Focus {Harm rPois rF+}
 17724 | D:12     | Killed Rupert
 17812 | D:13     | Noticed Maurice
 17828 | D:13     | Killed Maurice
 17835 | D:13     | Reached XP level 15. HP: 117/117 MP: 28/28
 18225 | D:13     | Identified the +7 long sword "Ossyer" {pain, rElec Dex+4}
 18363 | D:13     | Reached skill level 10 in Short Blades
 18363 | D:13     | Reached skill level 10 in Long Blades
 18363 | D:13     | Reached skill level 10 in Axes
 18363 | D:13     | Reached skill level 10 in Maces & Flails
 18363 | D:13     | Reached skill level 10 in Polearms
 18363 | D:13     | Reached skill level 10 in Staves
 18363 | D:13     | Reached skill level 10 in Ranged Weapons
 18363 | D:13     | Reached skill level 10 in Throwing
 18363 | D:13     | Reached skill level 10 in Armour
 18363 | D:13     | Reached skill level 10 in Stealth
 18363 | D:13     | Reached skill level 10 in Shields
 18363 | D:13     | Reached skill level 10 in Spellcasting
 18363 | D:13     | Reached skill level 10 in Evocations
 19288 | D:14     | Found a gate to the Vaults.
 19539 | Orc:1    | Entered Level 1 of the Orcish Mines
 19581 | Orc:1    | Learned a level 5 spell: Borgnjor's Vile Clutch
 19581 | Orc:1    | Identified the +2 hammer "Unof" {flame, Int+4}
 19635 | Orc:1    | Found Evaciy's Antique Armour Emporium.
 19831 | Orc:1    | You are sucked into a shaft and drop 1 floor!
 19831 | Orc:2    | Entered Level 2 of the Orcish Mines
 19853 | Orc:2    | Found a staircase to the Elven Halls.
 20262 | Orc:1    | Noticed Fannar
 20272 | Orc:1    | Killed Fannar
 20849 | Orc:2    | Learned a level 3 spell: Mephitic Cloud
 20850 | Orc:2    | Noticed an orc warlord
 20871 | Orc:2    | Killed an orc warlord
 20883 | Orc:2    | Found Rorph's Weapon Shoppe.
 20883 | Orc:2    | Found Juobbuch's Jewellery Shoppe.
 21038 | Orc:2    | Found Ezoesk's Jewellery Boutique.
 21068 | Orc:2    | Found Inovomee's General Store.
 21322 | Shoals:1 | Entered Level 1 of the Shoals
 21573 | Shoals:1 | Found Tecvapser's Self-Improvement Boutique.
 22521 | Shoals:1 | Reached XP level 16. HP: 97/126 MP: 27/30
 22714 | Shoals:1 | Reached **** piety under Ashenzari
 22750 | Shoals:1 | Learned a level 5 spell: Freezing Cloud
 22801 | Shoals:2 | Found a transporter.
 22806 | Shoals:2 | Found a transporter.
 23097 | Shoals:2 | Found a transporter.
 23099 | Shoals:2 | Found a transporter.
 23135 | Shoals:2 | Found a transporter.
 23135 | Shoals:2 | Found a transporter.
 24923 | Shoals:4 | Entered Level 4 of the Shoals
 25104 | Shoals:4 | Learned a level 6 spell: Eringya's Noxious Bog
 25108 | Shoals:4 | Learned a level 3 spell: Ignite Poison
 25917 | Shoals:4 | Found a runed translucent door.
 25927 | Abyss:1  | Cast into level 1 of the Abyss (an apocalypse crab)
 25990 | Abyss:1  | Found a transporter.
 25991 | Abyss:1  | Noticed a tentacled starspawn
 26002 | Abyss:1  | Noticed a tentacled starspawn
 26003 | Abyss:1  | Identified the amulet "Fidoama" {Reflect rF- rCorr Int+5
                  | Slay-3 SH+5}
 26005 | Abyss:1  | Noticed a tentacled monstrosity
 26128 | Abyss:1  | Noticed a tentacled starspawn
 26132 | Abyss:1  | Killed a tentacled starspawn
 26360 | Abyss:1  | Noticed a lich
 26527 | Abyss:1  | Noticed a lich
 26538 | Abyss:1  | Killed a lich
 26539 | Abyss:1  | Reached XP level 17. HP: 88/125 MP: 29/34
 26541 | Shoals:4 | Escaped the Abyss
 26668 | Shoals:4 | Noticed Polyphemus
 26936 | Shoals:4 | Killed Polyphemus
 27208 | Shoals:4 | Identified the staff of Ad Valorem {Str+4 Int-5 SInv Earth}
 27805 | Shoals:4 | Reached skill level 10 in Conjurations
 27805 | Shoals:4 | Reached skill level 10 in Hexes
 27805 | Shoals:4 | Reached skill level 10 in Summonings
 27805 | Shoals:4 | Reached skill level 10 in Necromancy
 27805 | Shoals:4 | Reached skill level 10 in Translocations
 27805 | Shoals:4 | Reached skill level 10 in Transmutations
 27805 | Shoals:4 | Reached skill level 10 in Fire Magic
 27805 | Shoals:4 | Reached skill level 10 in Ice Magic
 27805 | Shoals:4 | Reached skill level 10 in Air Magic
 27805 | Shoals:4 | Reached skill level 10 in Earth Magic
 27805 | Shoals:4 | Reached skill level 10 in Poison Magic
 27820 | Shoals:4 | Got a barnacled rune of Zot
 28080 | Shoals:4 | Found a corrupted altar of Lugonu.
 28312 | Spider:1 | Entered Level 1 of the Spider Nest
 28490 | Vaults:1 | Entered Level 1 of the Vaults
 29423 | Vaults:1 | Found a large runed translucent door.
 29423 | Vaults:1 | Found a large runed translucent door.
 29424 | Vaults:1 | Noticed Ziugimmo's ghost (veteran AtMo)
 29550 | Vaults:1 | Found Zoolouga's General Store.
 29558 | Vaults:1 | Bought a wand of light (6) for 453 gold pieces
 30179 | Vaults:2 | Noticed Sojobo
 30189 | Vaults:2 | HP: 7/158 [tengu reaver/bolt of cold[Sojobo] (16)]
 30420 | Vaults:2 | Paralysed by an air elemental for 1 turns
 30422 | Vaults:2 | Reached XP level 18. HP: 78/143 MP: 20/34
 30422 | Vaults:2 | Paralysed by an air elemental for 1 turns
 30422 | Vaults:2 | Killed Sojobo
 30589 | Vaults:2 | Found Osas's Weapon Boutique.
 30626 | Vaults:2 | Found a runed translucent gate.
 30626 | Vaults:2 | Found a runed translucent gate.
 30626 | Vaults:2 | Found a runed translucent gate.
 30626 | Vaults:2 | Noticed Woitib's ghost (adept GrFE)
 30659 | Vaults:2 | Found a staircase to the Crypt.
 31293 | Abyss:2  | Cast into level 2 of the Abyss (a wizard)
 31501 | Abyss:2  | Noticed a bone dragon
 31712 | Abyss:2  | Found a corrupted altar of Lugonu.
 31728 | Abyss:2  | Gained mutation: You have sharp toenails. [a neqoxec]
 31748 | Abyss:2  | Found a broken altar of Ashenzari.
 31757 | Abyss:2  | Noticed a dread lich
 31767 | Abyss:2  | Noticed a profane servitor
 31794 | Abyss:2  | Killed a profane servitor
 31872 | Vaults:2 | Escaped the Abyss
 32179 | Vaults:3 | Found a flickering gateway to a bazaar.
 32193 | Bazaar   | Entered a bazaar
 32197 | Bazaar   | Found Qewugila's Jewellery Boutique.
 32216 | Bazaar   | Found Gilol's Antique Armour Emporium.
 32234 | Bazaar   | Found Goshad's Book Boutique.
 32251 | Bazaar   | Found Luizuc's Antique Weapon Shoppe.
 32295 | Bazaar   | Bought a glowing hat for 210 gold pieces
 32295 | Bazaar   | Bought a pair of runed gloves for 225 gold pieces
 32368 | Bazaar   | Bought a pitted chain mail for 285 gold pieces
 32368 | Bazaar   | Identified the +3 chain mail of Guty {rC+ Str-4 Dex+5} (You
                  | bought it in a shop in a bazaar)
 32368 | Bazaar   | Bought a smoking chain mail for 285 gold pieces
 32368 | Bazaar   | Identified the +0 chain mail "Zeluijom" {rF- Str+4} (You
                  | bought it in a shop in a bazaar)
 32383 | Bazaar   | Bought a book of Unlife for 396 gold pieces
 32383 | Bazaar   | Bought the Directory of the Frore Zephyr for 528 gold
                  | pieces
 32638 | Lair:1   | Identified the cursed +2 pair of boots of Ashenzari's Black
                  | Moon {Fly, Self, Dev} (You found it on level 3 of the Lair
                  | of Beasts)
 33902 | Spider:2 | Reached XP level 19. HP: 151/151 MP: 8/36
 36540 | Spider:4 | Entered Level 4 of the Spider Nest
 37768 | Spider:4 | Learned a level 6 spell: Death Channel
 37801 | Spider:4 | Reached XP level 20. HP: 160/160 MP: 6/37
 37808 | Spider:4 | Got a gossamer rune of Zot
 38632 | Vaults:3 | Reached skill level 15 in Invocations
 39566 | Vaults:3 | Upgraded the game from 0.31-a0-331-geda263fcf1 to
                  | 0.31-a0-339-gda1cbd555d
 39568 | Vaults:4 | Noticed a Brimstone Fiend
 40607 | Vaults:5 | Entered Level 5 of the Vaults
 40610 | Vaults:5 | Reached skill level 15 in Fighting
 40610 | Vaults:5 | Reached skill level 15 in Dodging
 40610 | Vaults:5 | Reached skill level 15 in Unarmed Combat
 40613 | Vaults:5 | Reached XP level 21. HP: 168/168 MP: 32/39
 40799 | Vaults:5 | Noticed a dread lich
 40811 | Vaults:4 | Paralysed by a dread lich for 2 turns
 40870 | Vaults:4 | Killed a dread lich
 41207 | Vaults:5 | Noticed an ancient lich
 41298 | Vaults:5 | Noticed a dread lich
 41318 | Vaults:5 | Noticed Xtahua
 41321 | Vaults:5 | Paralysed by a dread lich for 5 turns
 41324 | Vaults:5 | Noticed an ancient lich
 41453 | Vaults:5 | Noticed an ancient lich
 41468 | Vaults:5 | Killed a dread lich
 41547 | Vaults:5 | Identified the +2 longbow of Courage {antimagic, rC+ Will+
                  | Str-3 SInv}
 41548 | Vaults:5 | Identified the +6 chain mail "Povuanel" {rC++ rN+ SInv}
 41650 | Vaults:5 | Killed an ancient lich
 41735 | Vaults:5 | Identified Mix Piva's Beginning Sorcery
 41766 | Vaults:5 | Paralysed by Xtahua for 3 turns
 41770 | Vaults:5 | Killed Xtahua
 41978 | Vaults:5 | Identified the +11 orcbow of the Omega Point {flame, rF+
                  | Str+2 Int+3}
 42249 | Vaults:5 | Reached skill level 15 in Short Blades
 42249 | Vaults:5 | Reached skill level 15 in Long Blades
 42249 | Vaults:5 | Reached skill level 15 in Axes
 42249 | Vaults:5 | Reached skill level 15 in Maces & Flails
 42249 | Vaults:5 | Reached skill level 15 in Polearms
 42249 | Vaults:5 | Reached skill level 15 in Staves
 42249 | Vaults:5 | Reached skill level 15 in Ranged Weapons
 42249 | Vaults:5 | Reached skill level 15 in Throwing
 42249 | Vaults:5 | Reached skill level 15 in Armour
 42249 | Vaults:5 | Reached skill level 15 in Stealth
 42249 | Vaults:5 | Reached skill level 15 in Shields
 42249 | Vaults:5 | Reached skill level 15 in Spellcasting
 42249 | Vaults:5 | Reached skill level 15 in Evocations
 42264 | Vaults:5 | Reached XP level 22. HP: 153/176 MP: 24/41
 43220 | Vaults:5 | Identified the +6 broad axe of Megalomania {drain, *Noise
                  | rElec Str+2}
 43238 | Vaults:5 | Identified the +5 quarterstaff of Okawaru's Delight {heavy,
                  | rC+ Stlth+}
 43238 | Vaults:5 | Identified the +1 leather armour "Vuvuzal" {Harm MP+9
                  | Int-3}
 43238 | Vaults:5 | Identified the orb "Huskatem" {mayhem, Rampage rElec}
 43286 | Vaults:5 | Identified the Writings on Vapour and Rime
 43288 | Vaults:5 | Identified the staff "Muniu" {rN+ Str+3 SInv Necro}
 43288 | Vaults:5 | Identified the Handbook of Portals
 43297 | Vaults:5 | Got a silver rune of Zot
 43396 | Vaults:5 | Noticed Saint Roka
 43411 | Vaults:5 | Killed Saint Roka
 43468 | Vaults:5 | Killed an ancient lich
 43727 | Elf:1    | Entered Level 1 of the Elven Halls
 44736 | Elf:2    | Found Pimpidghe's Jewellery Emporium.
 44738 | Elf:2    | Found Itodimecw's Book Boutique.
 44739 | Elf:2    | Found Ystrez's Jewellery Emporium.
 44919 | Elf:2    | Found Mog Femo's Antique Weapon Shop.
 45002 | Elf:2    | Found a runed translucent gate.
 45002 | Elf:2    | Found a runed translucent gate.
 45002 | Elf:2    | Found a runed translucent gate.
 45528 | Elf:3    | Entered Level 3 of the Elven Halls
 45558 | Elf:3    | Found a magical portal.
 45593 | WizLab   | Entered Alistair's Party Mansion
 45792 | WizLab   | Paralysed by a sphinx for 5 turns
 45802 | WizLab   | HP: 10/224 [constriction (2)]
 45806 | WizLab   | Reached XP level 23. HP: 17/184 MP: 35/42
 45973 | WizLab   | Noticed a golden dragon
 45973 | WizLab   | Noticed a golden dragon
 45985 | Abyss:2  | Cast into level 2 of the Abyss (a deep elf sorcerer)
 45986 | Abyss:2  | Found a corrupted altar of Lugonu.
 46045 | Abyss:2  | Found a corrupted altar of Lugonu.
 46325 | Abyss:3  | Found a corrupted altar of Lugonu.
 46326 | Abyss:3  | Found a corrupted altar of Lugonu.
 46341 | Abyss:3  | Found a corrupted altar of Lugonu.
 46497 | Abyss:3  | Found a runed translucent gate.
 46497 | Abyss:3  | Found a runed translucent gate.
 46497 | Abyss:3  | Found a runed translucent gate.
 46497 | Abyss:3  | Found a runed translucent gate.
 46497 | Abyss:3  | Found a runed translucent gate.
 46500 | Abyss:3  | Found a runed translucent gate.
 46584 | Abyss:3  | Paralysed by accursed screaming for 1 turns
 46623 | Abyss:3  | Found a corrupted altar of Lugonu.
 46710 | Abyss:3  | Paralysed by accursed screaming for 1 turns
 47033 | Abyss:3  | Reached skill level 15 in Shapeshifting
 47163 | Abyss:3  | Got an abyssal rune of Zot
 47165 | Abyss:3  | HP: 7/169 [wretched star/lance of force (16)]
 47542 | Abyss:3  | Gained mutation: You occasionally shout uncontrollably at
                  | your foes. [a neqoxec]
 47641 | WizLab   | Escaped the Abyss
 47788 | WizLab   | Identified a scroll of acquirement
 47804 | WizLab   | Acquired 706 gold pieces
 48054 | Elf:3    | Reached XP level 24. HP: 193/193 MP: 30/43
 48060 | Abyss:4  | Cast into level 4 of the Abyss (a deep elf sorcerer)
 48071 | Elf:3    | Escaped the Abyss
 48180 | Elf:3    | Identified the +1 morningstar of the Squeaky God {pain,
                  | rN+++ Dex-2 Stlth-}
 48360 | Elf:3    | Found a radiant altar of Vehumet.
 48755 | Elf:3    | Identified the +4 dagger "Giantbane" {pain, rF+ rC++ rCorr}
 48756 | Abyss:4  | Cast into level 4 of the Abyss (a deep elf demonologist)
 48780 | Elf:3    | Escaped the Abyss
 48976 | Abyss:4  | Cast into level 4 of the Abyss (a deep elf sorcerer)
 49029 | Abyss:4  | Paralysed by accursed screaming for 2 turns
 49033 | Abyss:4  | Paralysed by accursed screaming for 1 turns
 49055 | Elf:3    | Escaped the Abyss
 49173 | Elf:3    | Noticed Donald
 49182 | Elf:3    | Killed Donald
 49382 | Elf:3    | Identified the +3 ring mail of Dawn {SInv}
 49710 | Elf:3    | Learned a level 8 spell: Ignition
 49718 | Elf:3    | Learned a level 7 spell: Haunt
 49964 | Slime:1  | Entered Level 1 of the Pits of Slime
 50825 | Slime:1  | Gained mutation: Your magical capacity is low. (-10% MP) [a
                  | shining eye]
 50914 | Slime:1  | Lost mutation: You are completely covered in iridescent
                  | scales. (AC +6) [potion of mutation]
 50914 | Slime:1  | Lost mutation: Your magical capacity is low. (-10% MP)
                  | [potion of mutation]
 50914 | Slime:1  | Lost mutation: You have sharp toenails. [potion of
                  | mutation]
 50915 | Slime:1  | Lost mutation: You are mostly covered in iridescent scales.
                  | (AC +4) [potion of mutation]
 50915 | Slime:1  | Lost mutation: Your natural rate of healing is unusually
                  | fast. [potion of mutation]
 50915 | Slime:1  | Lost mutation: You occasionally shout uncontrollably at
                  | your foes. [potion of mutation]
 50915 | Slime:1  | Gained mutation: You are strong-willed. (Will+) [potion of
                  | mutation]
 50915 | Slime:1  | Gained mutation: You are mostly covered in iridescent
                  | scales. (AC +4) [potion of mutation]
 50915 | Slime:1  | Gained mutation: You have hidden genetic potential. [potion
                  | of mutation]
 50915 | Slime:1  | Gained mutation: Your spells are a little harder to cast,
                  | but a little more powerful. [potion of mutation]
 51721 | Slime:5  | Entered Level 5 of the Pits of Slime
 51828 | Slime:2  | Gained mutation: You are clumsy. (Dex -2) [a shining eye]
 51829 | Slime:2  | Gained mutation: Armour fits poorly on your strangely
                  | shaped body. [a shining eye]
 51830 | Slime:2  | Gained mutation: You sometimes lose your temper in combat.
                  | [a shining eye]
 51891 | Slime:2  | Lost mutation: You are strong-willed. (Will+) [potion of
                  | mutation]
 51891 | Slime:2  | Lost mutation: You are mostly covered in iridescent scales.
                  | (AC +4) [potion of mutation]
 51891 | Slime:2  | Lost mutation: You are clumsy. (Dex -2) [potion of
                  | mutation]
 51891 | Slime:2  | Gained mutation: You are agile. (Dex +4, Str/Int -1)
                  | [potion of mutation]
 51892 | Slime:2  | Lost mutation: You sometimes lose your temper in combat.
                  | [potion of mutation]
 51892 | Slime:2  | Lost mutation: You are partially covered in iridescent
                  | scales. (AC +2) [potion of mutation]
 51892 | Slime:2  | Lost mutation: Your spells are a little harder to cast, but
                  | a little more powerful. [potion of mutation]
 51892 | Slime:2  | Gained mutation: You have a pair of small horns on your
                  | head. [potion of mutation]
 51893 | Slime:2  | Lost mutation: Armour fits poorly on your strangely shaped
                  | body. [potion of mutation]
 51893 | Slime:2  | Lost mutation: You are agile. (Dex +4, Str/Int -1) [potion
                  | of mutation]
 51893 | Slime:2  | Lost mutation: You have hidden genetic potential. [potion
                  | of mutation]
 51893 | Slime:2  | Gained mutation: You occasionally lose the ability to drink
                  | potions when taking damage. [potion of mutation]
 51893 | Slime:2  | Gained mutation: You are resistant to electric shocks.
                  | (rElec) [potion of mutation]
 51893 | Slime:2  | Gained mutation: You are covered in fur. (AC +1) [potion of
                  | mutation]
 51894 | Slime:2  | Lost mutation: You are covered in fur. (AC +1) [potion of
                  | mutation]
 51894 | Slime:2  | Lost mutation: You are resistant to electric shocks.
                  | (rElec) [potion of mutation]
 51894 | Slime:2  | Gained mutation: Your muscles are strong. (Str +4, Int/Dex
                  | -1) [potion of mutation]
 51894 | Slime:2  | Gained mutation: You sometimes lose the ability to drink
                  | potions when taking damage. [potion of mutation]
 52777 | Slime:5  | Noticed the Royal Jelly
 53058 | Slime:4  | Reached XP level 25. HP: 185/202 MP: 11/44
 54604 | Slime:5  | Killed the Royal Jelly
 54638 | Slime:4  | HP: 11/262 [rockslime[the Royal Jelly] (12)]
 55541 | Slime:5  | Identified the +7 plate armour of Melancholy {Str+2}
 55542 | Slime:5  | Identified the staff "Oskepsom" {rC+ Str-3 Int+6 Dex+3 Ice}
 55542 | Slime:5  | Identified the +1 sling of the Blue Skies {flame, Dex+3}
 55542 | Slime:5  | Found the +7 Spriggan's Knife {stab, EV+4 Stlth+}
 55544 | Slime:5  | Identified the ring "Joneynas" {rElec AC+4 Int+3 SInv}
 55544 | Slime:5  | Identified the +1 dire flail of the Slime-mould {freeze,
                  | rElec Str+2 Int+4}
 55544 | Slime:5  | Identified the ring "Ehaomp" {rPois rF+ rC- rN+ Str+7}
 55578 | Slime:5  | Got a slimy rune of Zot
 55594 | Slime:5  | Identified the +2 chain mail of Sif Muna's Inspiration
                  | {Str+7 Int-2}
 55594 | Slime:5  | Identified the +4 falchion of Taluvim {freeze, rElec rC++
                  | rCorr Str-2}
 55933 | D:15     | Entered Level 15 of the Dungeon
 55998 | D:15     | Found a staircase to the Depths.
 56089 | D:15     | Noticed Azrael
 56092 | D:15     | Killed Azrael
 56696 | D:15     | Found a portal to a secret trove of treasure.
 56913 | Depths:1 | Entered Level 1 of the Depths
 57213 | Depths:1 | Found a one-way gate leading to the halls of Pandemonium.
 57300 | Depths:1 | Found a shadowy altar of Dithmenos.
 57344 | Depths:1 | Found a gateway to Hell.
 57529 | Depths:1 | Found Pofait's Assorted Antiques.
 57529 | Depths:1 | Found Zutesiom's Distillery.
 57543 | Depths:1 | Bought a potion of magic for 144 gold pieces
 57543 | Depths:1 | Bought a potion of magic for 144 gold pieces
 57543 | Depths:1 | Bought a potion of haste for 180 gold pieces
 57543 | Depths:1 | Bought 2 potions of haste for 360 gold pieces
 57543 | Depths:1 | Bought a potion of magic for 144 gold pieces
 58201 | Depths:2 | Found a transporter.
 58653 | Depths:2 | Found a transporter.
 58653 | Depths:2 | Identified the ring of the Failed Coup {rCorr Int+3}
 58655 | Depths:2 | Identified the staff "Qaekej" {rF+ rC+ Dex+4 Stlth- Conj}
 58655 | Depths:2 | Identified the amulet of Lunel {Acrobat Drain Regen+ Str+2
                  | Stlth+}
 59048 | Depths:2 | Paralysed by a floating eye for 3 turns
 59053 | Depths:2 | HP: 9/265 [Ice Fiend[a Zot trap] (5)]
 59053 | Depths:2 | Slain by an Ice Fiend

Illustrated notes

Levels and vault maps discovered:
D:1:      dpeg_arrival_tiny_j, layout_basic, minmay_misc_feat_four_crosses
D:2:      layout_rooms
D:3:      layout_loops_cross, uniq_crazy_yiuf_cottage
D:4:      layout_loops_ring, makhleb_altar_promises_db, serial_shops, shop,
          nicolae_shop_tiny_waterfront, shop_fountains, grunt_decor_cap,
          serial_park_tiny_2
D:5:      layout_cave_pools, nicolae_qazlal_scattered_showers,
          nzn_wu_jian_contemplation, lemuel_coloured_pillars_altar,
          serial_glass, glass_columns_c, glass_columns_b, glass_columns_a,
          glass_columns_b, glass_columns_c, glass_columns_a, glass_columns_b,
          glass_columns_b, glass_columns_a, glass_columns_a, item_on_display_a,
          feat_on_display, feat_on_display, uniq_sigmund
D:6:      layout_basic, minmay_misc_feat_nine_boxes,
          corexii_hall_statues_deadend
D:7:      layout_basic, tgw_trog, vehumet_crystals,
          minmay_temple_entry_statues_fountains
D:8:      layout_basic, nicolae_hepliaklqana_hazy_memory, ashenzari_altar_1,
          fedhas_bush_and_centaur_altar
D:9:      layout_loops_corners, eat_drink_and_be_merry_uskayaw, zin_purify,
          nicolae_yredelemnul_corpse_copse, hellmonk_guarded_unrand_night,
          uniq_erolcha
D:10:     layout_roguey, erik_orc_2, uniq_urug
D:11:     layout_basic, dpeg_oklobed_lair, hangedman_decor_push, minivault_19
D:12:     layout_loops_ring, kennysheep_opposing_triangles, uniq_rupert
D:13:     layout_layer_cave, uniq_maurice
D:14:     layout_loops_ring, david_vaults_4, kennysheep_doodads,
          guppyfry_shop_blood
D:15:     grunt_enter_depths_snipers, layout_loops_cross, serial_bayou_pond_d,
          nicolae_trove_entry_path_of_doom, uniq_azrael
Temple:   jpeg_temple_alley_garden
Lair:1:   kb_forest_paths, layout_chaotic_city, uniq_grum, uniq_gastronok
Lair:2:   gammafunk_indiana_jones, layout_regular_city,
          minmay_shoals_entry_beasts, nicolae_spider_entry_tight_spaces,
          beast_lair_carwin_2, uniq_erica
Lair:3:   layout_cave_pods
Lair:4:   layout_cave_pods, dpeg_slime_entry_enclosed, lemuel_fruit_tree,
          grunt_megastairs_4
Lair:5:   grunt_lair_end_beastmaster, layout_loops_ring
Shoals:1: layout_shoals, nicolae_shop_self_help
Shoals:2: layout_shoals, serial_nicolae_subway, nicolae_sub_station_crystal,
          nicolae_sub_station_metal, nicolae_sub_station_stone
Shoals:3: layout_shoals
Shoals:4: shoals_end_simple, layout_shoals, nicolae_shoals_abyss_on_the_beach,
          uniq_polyphemus
Spider:1: layout_spider_delve
Spider:2: layout_spider_delve, nicolae_spider_twisty_arc_passages
Spider:3: nicolae_spider_hilbert_zone_6 [nicolae_spider_hilbert_4_sides_1_open,
          nicolae_spider_hilbert_4_sides_1_open,
          nicolae_spider_hilbert_4_sides_1_open,
          nicolae_spider_hilbert_4_sides_1_open,
          nicolae_spider_hilbert_4_sides_1_open,
          nicolae_spider_hilbert_4_sides_1_open,
          nicolae_spider_hilbert_4_sides_1_open], guppyfry_spider_mini_1
Spider:4: hellmonk_spider_rune_endless_swarm, hangedman_spider_tarantella_strand
Slime:1:  layout_caves, nicolae_slime_getting_an_eyeful
Slime:2:  layout_caves, nicolae_slime_phagocytosis
Slime:3:  layout_caves
Slime:4:  layout_caves
Slime:5:  slime_pit
Orc:1:    layout_caves, serial_shops, nicolae_shop_crystal,
          hellmonk_bongcloud_opening, uniq_fannar
Orc:2:    hellmonk_orc_salted, layout_caves, basic_altar
Elf:1:    elf_arrival_002, layout_onion_city,
          hangedman_elven_crosses_minicolossus
Elf:2:    nicolae_elf_blades_splatter_lattice [mumra_blade_entry_dagger],
          layout_geoelf_diagonals, serial_shops, shop, minmay_shop_grove
Elf:3:    nooodl_elf_gasket, layout_loops_ring,
          lightli_enter_wizlab_magi_temple, basic_altar, uniq_donald
Vaults:1: ebering_ghost_disaster_area, nicolae_vaults_trapezoid_lopsided_4,
          hangedman_vaults_stretched_pinwheel, v_misc_33,
          nicolae_vaults_mini_display_case, st_lattice, vaults_room_grid,
          nicolae_vaults_closet_pinwheel_5, v_misc_30,
          nicolae_vaults_tetromino_L_1, nicolae_vaults_diamond_1,
          nicolae_vaults_storage_room_doors, vaults_dpeg_encased_lava,
          nicolae_vaults_storage_closets_1, vaults_room_pool,
          nicolae_vaults_alarming, layout_vaults_ring, serial_shops, shop
Vaults:2: biasface_ghost_orc_armoury, minmay_crypt_entry_simple_plaza,
          v_misc_22, nicolae_vaults_trapezoid_1,
          nicolae_vaults_closet_pinwheel_5, hangedman_vaults_nodes,
          nicolae_vaults_border_crossing, ontoclasm_vaults_idyll,
          layout_vaults_omnigrid, serial_shops, nicolae_shop_stone, uniq_sojobo
Vaults:3: v_alt_pattern_4, v_misc_19, nicolae_vaults_frosty_reception,
          nicolae_vaults_closet_pinwheel_4, hangedman_vaults_slice,
          nicolae_vaults_rhombus_7, v_rooms_3, v_misc_3,
          nicolae_vaults_double_plus_1, layout_vaults_big_room, serial_shops,
          bzr_entry_safe
Vaults:4: nicolae_vaults_closet_pinwheel_4, grunt_vaults_diagonal,
          grunt_vaults_trifunnel, ontoclasm_vaults_loading_screen, st_cells,
          nicolae_vaults_trapezoid_4, nicolae_vaults_rhombus_6,
          nicolae_vaults_network_quinsquares
          [nicolae_vaults_network_quincunx_subvault,
          nicolae_vaults_network_quincunx_subvault,
          nicolae_vaults_network_quincunx_subvault,
          nicolae_vaults_network_quincunx_subvault], hangedman_vaults_pinch,
          nicolae_vaults_circle_grid_b, vaults_dpeg_cross,
          nicolae_vaults_little_squares_5, nicolae_vaults_network_square,
          layout_vaults_maze
Vaults:5: serial_shops, uniq_xtahua, uniq_saint_roka
Depths:1: layout_basic, grunt_metal_band, grunt_dithmenos_smoke,
          grunt_pan_entry_spiral, nicolae_titane, serial_bayou_shore_a,
          minmay_shoptagon
Depths:2: gammafunk_its_a_trap, layout_gridlike, serial_sigils_hangedman_gnaw,
          hell_entry, rand_demon_pan_entry_4, hangedman_corner_corridor,
          infiniplex_staircase_river

Skill      XL: |  1  2  3  4  5  6  7  8  9 10 11 12 13 14 15 16 17 18 19 20 21 22 23 24 25 |
---------------+----------------------------------------------------------------------------+-----
Invocations    | 1 2 3 4 5 6 7 8 9 10 11 12 13 14 15 16 17 18 | 18.9
Short Blades   | 1 2 3 4 5 7 8 9 10 11 12 13 14 15 16 17 | 17.4
Long Blades    | 1 2 3 4 5 7 8 9 10 11 12 13 14 15 16 17 | 17.4
Axes           | 1 2 3 4 5 7 8 9 10 11 12 13 14 15 16 17 | 17.4
Maces & Flails | 1 2 3 4 5 7 8 9 10 11 12 13 14 15 16 17 | 17.4
Polearms       | 1 2 3 4 5 7 8 9 10 11 12 13 14 15 16 17 | 17.4
Staves         | 1 2 3 4 5 7 8 9 10 11 12 13 14 15 16 17 | 17.4
Ranged Weapons | 1 2 3 4 5 7 8 9 10 11 12 13 14 15 16 17 | 17.4
Throwing       | 1 2 3 4 5 7 8 9 10 11 12 13 14 15 16 17 | 17.4
Armour         | 1 2 3 4 5 7 8 9 10 11 12 13 14 15 16 17 | 17.4
Stealth        | 1 2 3 4 5 7 8 9 10 11 12 13 14 15 16 17 | 17.4
Shields        | 1 2 3 4 5 7 8 9 10 11 12 13 14 15 16 17 | 17.4
Spellcasting   | 1 2 3 4 5 7 8 9 10 11 12 13 14 15 16 17 | 17.4
Evocations     | 1 2 3 4 5 7 8 9 10 11 12 13 14 15 16 17 | 17.4
Conjurations   | 1 2 3 4 5 6 7 8 9 10 11 12 13 14 | 14.9
Hexes          | 1 2 3 4 5 6 7 8 9 10 11 12 13 14 | 14.9
Summonings     | 1 2 3 4 5 6 7 8 9 10 11 12 13 14 | 14.9
Necromancy     | 1 2 3 4 5 6 7 8 9 10 11 12 13 14 | 14.9
Translocations | 1 2 3 4 5 6 7 8 9 10 11 12 13 14 | 14.9
Transmutations | 1 2 3 4 5 6 7 8 9 10 11 12 13 14 | 14.9
Fire Magic     | 1 2 3 4 5 6 7 8 9 10 11 12 13 14 | 14.9
Ice Magic      | 1 2 3 4 5 6 7 8 9 10 11 12 13 14 | 14.9
Air Magic      | 1 2 3 4 5 6 7 8 9 10 11 12 13 14 | 14.9
Earth Magic    | 1 2 3 4 5 6 7 8 9 10 11 12 13 14 | 14.9
Poison Magic   | 1 2 3 4 5 6 7 8 9 10 11 12 13 14 | 14.9
Fighting       | 5 6 7 8 9 10 11 12 13 14 15 16 17 18 | 18.0
Dodging        | 5 6 7 8 9 10 11 12 13 14 15 16 17 18 | 18.0
Unarmed Combat | 5 6 7 8 9 10 11 12 13 14 15 16 17 18 | 18.0
Shapeshifting  | 7 8 9 10 11 12 13 14 15 16 | 16.1

Action                     |  1- 3 |  4- 6 |  7- 9 | 10-12 | 13-15 | 16-18 | 19-21 | 22-24 | 25-27 || total
---------------------------+-------+-------+-------+-------+-------+-------+-------+-------+-------++-------
  Melee: Unarmed           |    77 |    27 |       |    24 |       |    21 |       |       |       ||   149
         Bite              |     4 |    14 |    39 |    61 |   164 |   148 |   126 |   178 |    62 ||   796
         Punch             |     2 |       |       |       |       |       |       |       |       ||     2
         Flail             |       |   119 |   277 |   195 |       |       |       |       |       ||   591
         Short sword       |       |       |    29 |       |       |       |       |       |       ||    29
         Eveningstar       |       |       |       |   235 |  1155 |   874 |   726 |  1238 |   363 ||  4591
         Scimitar          |       |       |       |     2 |       |       |       |       |       ||     2
         Kick              |       |       |       |       |       |    75 |   297 |   395 |       ||   767
         Katana            |       |       |       |       |       |       |    23 |       |       ||    23
         Headbutt          |       |       |       |       |       |       |       |    19 |    99 ||   118
   Fire: Sling             |       |       |     4 |       |       |       |       |       |       ||     4
   Cast: Manifold Assault  |       |       |       |       |    22 |     8 |    21 |   132 |    52 ||   235
         Borgnjor's Vile C |       |       |       |       |    11 |   126 |   153 |    91 |    13 ||   394
         Mephitic Cloud    |       |       |       |       |     8 |    33 |    11 |    13 |     3 ||    68
         Freezing Cloud    |       |       |       |       |       |    62 |    50 |    35 |    12 ||   159
         Ignite Poison     |       |       |       |       |       |     8 |    11 |    14 |     2 ||    35
         Eringya's Noxious |       |       |       |       |       |     6 |    12 |     7 |       ||    25
         Death Channel     |       |       |       |       |       |       |     3 |     2 |       ||     5
         Ignition          |       |       |       |       |       |       |       |     9 |    19 ||    28
         Haunt             |       |       |       |       |       |       |       |     9 |     2 ||    11
 Invoke: Curse Item        |       |       |       |     3 |     2 |     2 |       |     2 |       ||     9
         Shatter the Chain |       |       |       |       |       |     1 |       |     1 |       ||     2
Ability: Begin Untransform |       |       |       |       |     1 |     1 |       |       |       ||     2
  Evoke: Wand              |       |       |       |     7 |     5 |     4 |       |    10 |     4 ||    30
         Phial of floods   |       |       |       |     1 |       |       |       |     1 |       ||     2
         Condenser vane    |       |       |       |       |     1 |     1 |       |     3 |     1 ||     6
         Phantom mirror    |       |       |       |       |       |     1 |       |     3 |       ||     4
    Use: Potion            |       |     8 |     3 |       |       |     2 |    11 |    15 |     2 ||    41
         Scroll            |       |       |     4 |    10 |     3 |     9 |    18 |    11 |     6 ||    61
   Stab: Sleeping          |       |       |     6 |    11 |    37 |    21 |    13 |     5 |     8 ||   101
         Invisible         |       |       |       |     1 |     2 |       |       |       |       ||     3
         Distracted        |       |       |       |       |     3 |     2 |     8 |    29 |    10 ||    52
         Confused          |       |       |       |       |     3 |    13 |     3 |     3 |       ||    22
         Petrified         |       |       |       |       |       |     2 |       |       |       ||     2
         Paralysed         |       |       |       |       |       |       |       |     2 |       ||     2
 Armour: Animal skin       |     6 |       |       |       |       |       |       |       |       ||     6
         Scale mail        |    25 |    86 |       |       |       |       |       |       |       ||   111
         Steam dragon scal |       |       |   129 |    61 |       |       |       |       |       ||   190
         Skin              |       |       |     2 |     3 |       |   360 |   582 |   574 |   194 ||  1715
         Robe              |       |       |       |   133 |   549 |   225 |       |       |       ||   907
  Dodge: Dodged            |    55 |   121 |   290 |   373 |   874 |   953 |   927 |   849 |   313 ||  4755
  Block: Buckler           |       |    39 |   103 |   152 |   432 |   545 |   628 |   904 |   343 ||  3146
         Reflection        |       |       |       |       |       |       |       |    44 |    11 ||    55
   Form: Statue            |       |       |       |       |       |     2 |       |       |       ||     2

Table legend: (Time is in decaauts)
 A = Elapsed time spent in this place.
 B = Non-inter-level travel time spent in this place.
 C = Inter-level travel time spent in this place.
 D = Time resting spent in this place.
 E = Time spent auto-exploring this place.
 F = Levels seen in this place.
 G = Mean time per level.
                   A        B        C        D        E       F      G
               +--------+--------+--------+--------+--------+-----+--------+
         Total |  73413 |  68278 |   5135 |  15233 |  30716 |  56 | 1310.9 |
       Dungeon |  16267 |  14831 |   1436 |   1596 |   9012 |  15 | 1084.5 |
        Temple |     62 |     31 |     31 |      0 |      0 |   1 |   62.0 |
          Lair |   6889 |   5843 |   1046 |    408 |   3394 |   5 | 1377.8 |
        Shoals |   6182 |   5895 |    287 |   1622 |   2889 |   4 | 1545.5 |
   Spider Nest |   8110 |   7924 |    186 |   2468 |   3237 |   4 | 2027.5 |
    Slime Pits |   8556 |   8032 |    524 |   4787 |   1789 |   5 | 1711.2 |
  Orcish Mines |   1704 |   1582 |    122 |    184 |    825 |   2 |  852.0 |
   Elven Halls |   5283 |   5053 |    230 |    960 |   2283 |   3 | 1761.0 |
        Vaults |  11991 |  10771 |   1220 |   1945 |   4928 |   5 | 2398.2 |
        Depths |   3054 |   3004 |     50 |    106 |   2187 |   2 | 1527.0 |
         Abyss |   3888 |   3888 |      0 |    940 |     29 |   8 |  486.0 |
        Bazaar |    344 |    344 |      0 |      0 |     19 |   1 |  344.0 |
        Wizlab |   1079 |   1079 |      0 |    213 |    121 |   1 | 1079.0 |
               +--------+--------+--------+--------+--------+-----+--------+

Top non-repeatable levels by time:
 Slime:4: 3854 daAuts
Vaults:5: 3002 daAuts
Vaults:4: 2661 daAuts
Spider:3: 2623 daAuts
   Elf:3: 2561 daAuts
Spider:4: 2341 daAuts
Vaults:2: 2202 daAuts
Shoals:4: 2173 daAuts
Vaults:3: 2091 daAuts
Vaults:1: 2033 daAuts
 Abyss:3: 1980 daAuts
Spider:1: 1853 daAuts
  Lair:2: 1686 daAuts
  Lair:1: 1627 daAuts
Shoals:3: 1558 daAuts
